 Dungeon Crawl Stone Soup version 0.31-a0-795-g5eb97db20b (webtiles) character file.

Game seed: 14407366641367634177

98 dohliylev the Stinger (level 4, -6/24 HPs)
             Began as a Gargoyle Venom Mage on Sept 18, 2023.
             Splashed by a jelly's acid (8 damage)
             ... on level 4 of the Dungeon.
             The game lasted 00:06:45 (3056 turns).

dohliylev the Stinger (Gargoyle Venom Mage)         Turns: 3056, Time: 00:06:46

Health: -6/24      AC: -2    Str: 12    XL:     4   Next: 71%
Magic:  4/8        EV: 12    Int: 17    God:
Gold:   143        SH:  0    Dex: 10    Spells: 2/9 levels left

rFire   . . .        h - +0 short sword (venom)
rCold   . . .        (no shield)
rNeg    + . .        a - +0 robe
rPois   ∞            (no helmet)
rElec   +            (no cloak)
rCorr   .            (no gloves)
SInv    .            (no boots)
Will    .....        e - amulet of regeneration
Stlth   ++           (no ring)
HPRegen 1.04/turn    (no ring)
MPRegen 0.11/turn

%: no passive effects
@: corroded
A: sickness immunity, AC +3, negative energy resistance 1, electricity
resistance, torment resistance 1, petrification resistance
a: no special abilities


You were on level 4 of the Dungeon.
You visited 1 branch of the dungeon, and saw 4 of its levels.

You collected 143 gold pieces.

Inventory:

Hand Weapons
 h - a +0 short sword of venom (weapon)
Armour
 a - a +0 robe (worn)
Jewellery
 e - an amulet of regeneration (around neck)
 f - a ring of positive energy
 i - a ring of wizardry
Wands
 o - a wand of flame (17)
Scrolls
 c - a scroll of blinking {unknown}
 d - 2 scrolls of immolation {unknown}
 k - a scroll of vulnerability {unknown}
 p - a scroll of fear {unknown}
Potions
 b - a potion of magic
 g - 2 potions of curing {unknown}
 j - a potion of brilliance {unknown}
 l - a potion of resistance {unknown}
 m - 2 potions of experience {unknown}
 n - a potion of lignification {unknown}
 q - a potion of cancellation {unknown}


   Skills:
 + Level 1.7 Dodging
 - Level 2.1 Stealth
 + Level 3.0 Spellcasting
 + Level 1.0 Transmutations
 + Level 0.8 Air Magic
 + Level 4.2 Poison Magic


You had 2 spell levels left.
You knew the following spells:

 Your Spells              Type           Power      Damage    Failure   Level
a - Sting                 Tmut/Pois      44%        1d5       6%          1
b - Poisonous Vapours     Pois/Air       22%        N/A       10%         2
c - Olgreb's Toxic Radia  Pois           16%        N/A       30%         4

Your spell library contained the following spells:

 Spells                   Type           Power      Damage    Failure   Level
 Scorch                   Fire           4%         2d5       26%         2
 Mephitic Cloud           Conj/Pois/Air  8%         N/A       26%         3
 Flame Wave               Conj/Fire      2%         2d4       86%         4
 Summon Cactus Giant      Summ           1%         N/A       100%        6


Dungeon Overview and Level Annotations

Branches:
Dungeon (4/15)
 Temple: D:4-7

Altars:
Makhleb
Vehumet


Innate Abilities, Weirdness & Mutations

You are immune to sickness and miasma.
Your stone body is resilient. (AC +3)
You are immune to poison.
You resist negative energy. (rN+)
You are resistant to electric shocks. (rElec)
You are resistant to unholy torment.
You are immune to petrification.


Message History

You can't see any susceptible monsters within range! (Use Z to cast anyway.)
Aiming: Sting (safe; 6% risk of failure)
Press: ? - help, Q - select action, (/) - cycle Shift-Dir - straight line, f - you
Okay, then.
Casting: Sting (safe; 6% risk of failure)
Confirm with . or Enter, or press ? or * to list all spells.
You can't see any susceptible monsters within range! (Use Z to cast anyway.)
Aiming: Sting (safe; 6% risk of failure)
Press: ? - help, Q - select action, (/) - cycle Shift-Dir - straight line, f - you
Okay, then.
Aiming: Sting (safe; 6% risk of failure)
Press: ? - help, Q - select action, (/) - cycle Shift-Dir - straight line, f - jelly
Aim: a jelly (wandering, hasn't noticed you, 100% to hit)
The sting hits the jelly.
The jelly partially resists.
The jelly is lightly wounded.
Aiming: Sting (safe; 6% risk of failure)
Press: ? - help, Q - select action, (/) - cycle Shift-Dir - straight line, f/p - jelly
Aim: a jelly (lightly wounded, 100% to hit)
The sting hits the jelly.
The jelly partially resists.
The jelly is lightly wounded.
The jelly attacks as it pursues you! The jelly hits you. The acid corrodes you!
You are splashed with acid.
The jelly attacks as it pursues you! The jelly hits you.
You are splashed with acid.
Aiming: Sting (safe; 6% risk of failure)
Press: ? - help, Q - select action, (/) - cycle Shift-Dir - straight line, f/p - jelly
Aim: a jelly (lightly wounded, 100% to hit)
The sting hits the jelly.
The jelly partially resists.
The jelly is lightly wounded.
The jelly hits you. The acid corrodes you!
You are splashed with acid.
* * * LOW HITPOINT WARNING * * *
Aiming: Sting (safe; 6% risk of failure)
Press: ? - help, Q - select action, (/) - cycle Shift-Dir - straight line, f/p - jelly
Aim: a jelly (lightly wounded, 100% to hit)
The sting hits the jelly.
The jelly is poisoned.
The jelly is moderately wounded.
The jelly hits you.
* * * LOW HITPOINT WARNING * * *
You are splashed with acid!
You die...

. ############# #.
##.....#.....## #.###
##.............## #....
#...............# ####...
#...............#
.....#)##...............#
..................†>....#
#......J@......<.....#
##...#........<......#
#..................##
#...#.......#.....##
#...####.########## #...#
#..# ##### ##.# .# .#


You could see a jelly (poisoned).

Vanquished Creatures
  6 adders
  An orc (D:4)
  4 endoplasms
  2 giant cockroaches
  5 goblins
  6 hobgoblins
  4 jackals
  2 quokkas
  A ball python (D:1)
  2 bats (D:1)
  A frilled lizard (D:2)
  2 kobolds
  4 rats
40 creatures vanquished.

Notes
Turn   | Place    | Note
-------+----------+-------------------------------------------
     0 | D:1      | dohliylev the Gargoyle Venom Mage began the quest for the
                  | Orb.
     0 | D:1      | Reached XP level 1. HP: 10/10 MP: 3/3
   362 | D:1      | Reached XP level 2. HP: 15/15 MP: 1/5
   365 | D:1      | Learned a level 2 spell: Poisonous Vapours
  1381 | D:2      | Reached XP level 3. HP: 17/19 MP: 0/6
  2118 | D:3      | Found a burning altar of Makhleb.
  2269 | D:3      | Reached skill level 4 in Poison Magic
  2269 | D:3      | Reached XP level 4. HP: 24/24 MP: 8/8
  2313 | D:3      | Found a faded altar of an unknown god.
  2632 | D:3      | Found a radiant altar of Vehumet.
  2837 | D:3      | Reached skill level 1 in Transmutations
  3006 | D:4      | Learned a level 4 spell: Olgreb's Toxic Radiance
  3056 | D:4      | Splashed by a jelly's acid

Illustrated notes

Levels and vault maps discovered:
D:1:      lemuel_arrival_muddy, layout_basic
D:2:      layout_basic
D:3:      layout_loops_ring, mainiacjoe_overflow_cross_hatched,
          nicolae_vehumet_altar_sigil, shapermc_ecumenical_altar_ellora,
          minmay_hedge_maze
D:4:      layout_rooms

Skill      XL: |  1  2  3  4 |
---------------+-------------+-----
Poison Magic   | 4 |  4.2
Transmutations | 1 |  1.0
Spellcasting   | 3 |  3.0
Dodging        | |  1.7
Stealth        | |  2.1
Air Magic      | |  0.8

Action                     |  1- 3 |  4- 6 || total
---------------------------+-------+-------++-------
  Melee: Dagger            |     6 |       ||     6
         Short sword       |    24 |    13 ||    37
         Punch             |     2 |       ||     2
   Cast: Sting             |    26 |    17 ||    43
         Poisonous Vapours |    13 |     4 ||    17
   Stab: Sleeping          |     1 |       ||     1
 Armour: Robe              |    15 |    22 ||    37
  Dodge: Dodged            |    25 |    21 ||    46

Table legend: (Time is in decaauts)
 A = Elapsed time spent in this place.
 B = Non-inter-level travel time spent in this place.
 C = Inter-level travel time spent in this place.
 D = Time resting spent in this place.
 E = Time spent auto-exploring this place.
 F = Levels seen in this place.
 G = Mean time per level.
                   A        B        C        D        E       F      G
               +--------+--------+--------+--------+--------+-----+--------+
         Total |   3056 |   2969 |     87 |    461 |   2146 |   4 |  764.0 |
       Dungeon |   3056 |   2969 |     87 |    461 |   2146 |   4 |  764.0 |
               +--------+--------+--------+--------+--------+-----+--------+

Top non-repeatable levels by time:
     D:1: 1090 daAuts
     D:2: 984 daAuts
     D:3: 829 daAuts
     D:4: 151 daAuts
